 Dungeon Crawl Stone Soup version 0.25-a0-547-g27a0b5d (webtiles) character file.

Game seed: 14494946632944327793, levelgen mode: deterministic

69 b5mith the Skirmisher (level 4, 0/44 HPs)
             Began as a Minotaur Berserker on Feb 22, 2020.
             Was a Believer of Trog.
             Slain by a gnoll
             ... wielding a +0 vorpal flail
              (2 damage)
             ... on level 1 of the Dungeon.
             The game lasted 00:02:09 (943 turns).

b5mith the Skirmisher (Minotaur Berserker)           Turns: 943, Time: 00:02:10

Health: 0/44       AC:  3    Str: 22    XL:     4   Next: 2%
Magic:  3/3        EV: 12    Int:  4    God:    Trog [**....]
Gold:   79         SH:  0    Dex: 10    Spells: 3/3 levels left

rFire    . . .     SeeInvis .   a - +0 mace
rCold    . . .     Gourm    .   (no shield)
rNeg     + . .     Faith    .   b - +0 animal skin
rPois    .         Spirit   .   (helmet restricted)
rElec    .         Reflect  .   (no cloak)
rCorr    .         Harm     .   f - +0 pair of gloves
MR       .....                  (no boots)
Stlth    +.........             (no amulet)
HPRegen  0.14/turn              j - ring of positive energy
MPRegen  0.08/turn              (no ring)

@: no status effects
A: retaliatory headbutt, horns 2
a: Berserk, Trog's Hand, Renounce Religion


You were on level 1 of the Dungeon.
You worshipped Trog.
Trog was pleased with you.
You were not hungry.

You visited 1 branch of the dungeon, and saw 2 of its levels.

You collected 79 gold pieces.

Inventory:

Hand Weapons
 a - a +0 mace (weapon)
Armour
 b - a +0 animal skin (worn)
 f - a +0 pair of gloves (worn)
   (You found it on level 2 of the Dungeon)
Jewellery
 j - a ring of positive energy (left hand)
   (You found it on level 1 of the Dungeon)
Scrolls
 d - a scroll of teleportation {unknown}
 e - 2 scrolls of identify {unknown}
 h - a scroll of remove curse {unknown}
 i - a scroll of enchant armour {unknown}
Potions
 g - a potion of invisibility {unknown}
Comestibles
 c - 4 rations


   Skills:
 + Level 6.0 Fighting
 - Level 3.6 Maces & Flails
 - Level 2.4 Armour
 - Level 2.1 Dodging


You had 3 spell levels left.
You didn't know any spells.
Your spell library was empty.

Dungeon Overview and Level Annotations

Branches:
Dungeon (2/15)

Altars:
Zin


Innate Abilities, Weirdness & Mutations

You reflexively headbutt those who attack you in melee.
You have a pair of horns on your head.


Message History

The gnoll is almost dead.
The gnoll hits you with a +0 club!
You hit the gnoll but do no damage.
The gnoll is almost dead.
The gnoll barely misses you.
You closely miss the gnoll.
The gnoll is almost dead.
The gnoll hits you with a +0 club. The gnoll barely misses you.
You furiously retaliate!
You headbutt the gnoll!
You kill the gnoll!
Trog accepts your kill.
You start resting.
HP restored.
You climb downwards.
The gnoll closely misses you. The gnoll barely misses you.
There is a stone staircase leading up here.
The gnoll hits you with a +0 whip.
The gnoll hits you with a +0 vorpal flail.
You climb upwards.
There is a stone staircase leading down, spattered with blood here.
You sock the gnoll!
The gnoll is severely wounded.
The gnoll hits you with a +0 whip.
The gnoll hits you with a +0 vorpal flail!
* * * LOW HITPOINT WARNING * * *
The gnoll hits you with a +0 whip.
* * * LOW HITPOINT WARNING * * *
You are too injured to fight recklessly!
You are too injured to fight recklessly!
You are too injured to fight recklessly!
You are too injured to fight recklessly!
You are too injured to fight recklessly!
You are too injured to fight recklessly!
You hit the gnoll but do no damage. You headbutt the gnoll.
The gnoll is severely wounded.
The gnoll barely misses you. The gnoll misses you.
You closely miss the gnoll.
The gnoll is severely wounded.
The gnoll barely misses you. The gnoll closely misses you.
You sock the gnoll!
You kill the gnoll!
Trog accepts your kill.
Your Fighting skill increases to level 6!
You have reached level 4!
You feel agile. The gnoll closely misses you. You furiously retaliate!
You headbutt the gnoll! You barely miss the gnoll.
The gnoll is heavily wounded.
The gnoll hits you with a +0 vorpal flail!
* * * LOW HITPOINT WARNING * * *
You die...

#..# #.# ##............#
#..# #.###.....#########
...# #..###...## ##.#
#..# #...# #.# #..#
#...# #.# #..# #...# #.#
#..# #...# ##.# #..#
#..)##
...#####..###..g@#
.###...........#.#
.....#.#.......#.#######
.###...##........(.....#
## #############.#####.#
# ################.#
#.##########
..............)..#
#....รท......
##################
############


You could see a gnoll.

Vanquished Creatures
  3 gnolls
  3 dart slugs (D:1)
  4 bats (D:1)
  2 giant cockroaches (D:1)
  5 goblins (D:1)
  A hobgoblin (D:1)
  2 jackals (D:1)
  A ball python (D:1)
  2 frilled lizards (D:1)
  5 kobolds
  6 rats (D:1)
34 creatures vanquished.

Notes
Turn   | Place    | Note
-------+----------+-------------------------------------------
     0 | D:1      | b5mith the Minotaur Berserker began the quest for the Orb.
     0 | D:1      | Reached XP level 1. HP: 19/19 MP: 0/0
    24 | D:1      | Reached skill level 4 in Fighting
    68 | D:1      | Reached XP level 2. HP: 24/28 MP: 1/1
   423 | D:1      | Reached skill level 5 in Fighting
   485 | D:1      | Reached ** piety under Trog
   485 | D:1      | Reached XP level 3. HP: 30/36 MP: 2/2
   764 | D:2      | Found a glowing silver altar of Zin.
   942 | D:1      | Reached skill level 6 in Fighting
   942 | D:1      | Reached XP level 4. HP: 14/44 MP: 3/3
   943 | D:1      | HP: 2/44 [gnoll/+0 vorpal flail (12)]
   943 | D:1      | Slain by a gnoll

Levels and vault maps discovered:
D:1:      eino_arrival_druids_welcome, layout_loops_ring
D:2:      layout_rooms, lemuel_doored_altar, okawaru_trees_1

Skill      XL: |  1  2  3 |
---------------+----------+-----
Fighting       | 4 5 6 |  6.0
Maces & Flails | |  3.6
Armour         | |  2.4
Dodging        | |  2.1

Action                   |  1- 3 |  4- 6 || total
-------------------------+-------+-------++-------
Melee: Mace              |    60 |     1 ||    61
       Headbutt          |    11 |       ||    11
 Stab: Sleeping          |     1 |       ||     1
Armor: Animal skin       |    13 |       ||    13
Dodge: Dodged            |    57 |     1 ||    58

Table legend:
 A = Non-vault XP
 B = Vault XP
 C = Vault XP percentage of total XP
 D = Non-vault monster count
 E = Vault monster count
 F = Vault count percentage of total count
                 A         B        C        D         E       F
            +---------+---------+-------+---------+---------+-------
      Total |      99 |       0 |   0.0 |      34 |       0 |   0.0
            +---------+---------+-------+---------+---------+-------
        D:1 |      82 |       0 |   0.0 |      32 |       0 |   0.0
        D:2 |      17 |       0 |   0.0 |       2 |       0 |   0.0
            +---------+---------+-------+---------+---------+-------
